 Dungeon Crawl Stone Soup version 0.30-a0-1103-g25895a7845 (webtiles) character file.

Game seed: 11099465537344446129

72 Pimp the Charlatan (level 4, -3/34 HPs)
             Began as a Gnoll Wanderer on Apr 18, 2023.
             Killed from afar by Natasha (7 damage)
             ... with a magic dart
             ... on level 3 of the Dungeon.
             The game lasted 00:02:56 (1806 turns).

Pimp the Charlatan (Gnoll Wanderer)                 Turns: 1806, Time: 00:02:56

Health: -3/34      AC:  4    Str: 12    XL:     4   Next: 25%
Magic:  5/5        EV: 11    Int: 11    God:
Gold:   138        SH:  0    Dex: 13    Spells: 5/5 levels left

rFire   . . .      SeeInvis +    f - +0 war axe
rCold   . . .      Faith    .    (no shield)
rNeg    . . .      Spirit   .    e - +0 robe
rPois   .          Reflect  .    j - +0 helmet
rElec   .          Rampage  .    c - +0 cloak
rCorr   .                        (no gloves)
Will    .....                    (no boots)
Stlth   +++                      (no amulet)
HPRegen 0.25/turn                g - ring of see invisible
MPRegen 0.09/turn                (no ring)

@: brilliant, hasted, very quick
A: fangs 1, strong nose, distributed training
a: no special abilities


You were on level 3 of the Dungeon.
You visited 1 branch of the dungeon, and saw 3 of its levels.

You collected 138 gold pieces.

Inventory:

Hand Weapons
 a - a +0 spear
 f - a +0 war axe (weapon)
Armour
 c - a +0 cloak (worn)
 e - a +0 robe (worn)
 j - a +0 helmet (worn)
Jewellery
 g - a ring of see invisible (left hand)
 p - a +6 ring of intelligence
 r - a +6 ring of intelligence
Wands
 b - a wand of flame (16) (quivered)
Scrolls
 m - a scroll of enchant weapon {unknown}
 n - a scroll of summoning {unknown}
 o - a scroll of immolation {unknown}
Potions
 i - a potion of mutation {unknown}
 k - a potion of resistance {unknown}
 l - a potion of curing {unknown}
 q - 2 potions of might {unknown}


   Skills:
 + Level 2.7 Fighting
 + Level 1.1 Short Blades
 + Level 1.1 Long Blades
 + Level 1.1 Axes
 + Level 1.1 Maces & Flails
 + Level 4.6 Polearms
 + Level 1.1 Staves
 + Level 1.1 Ranged Weapons
 + Level 2.7 Throwing
 + Level 1.1 Armour
 + Level 1.1 Dodging
 + Level 6.0 Stealth
 + Level 1.1 Shields
 + Level 1.1 Unarmed Combat
 + Level 1.1 Spellcasting
 + Level 0.9 Conjurations
 + Level 0.9 Hexes
 + Level 0.9 Summonings
 + Level 0.9 Necromancy
 + Level 0.9 Translocations
 + Level 0.9 Transmutations
 + Level 0.9 Fire Magic
 + Level 0.9 Ice Magic
 + Level 0.9 Air Magic
 + Level 0.9 Earth Magic
 + Level 0.9 Poison Magic
 + Level 1.2 Invocations
 + Level 6.6 Evocations


You had 5 spell levels left.
You didn't know any spells.
Your spell library was empty.

Dungeon Overview and Level Annotations

Branches:
Dungeon (3/15)

Altars:

Annotations:
D:3 Natasha


Innate Abilities, Weirdness & Mutations

You have very sharp teeth.
Your uncanny sense of smell can sniff out nearby items.
Your experience applies equally to all skills.


Message History

Natasha growls.
Natasha claws you. Natasha closely misses you.
You barely miss Natasha. You bite Natasha, but do no damage.
Natasha closely misses you.
You completely miss Natasha. Natasha claws you. x2
You hit Natasha.
Natasha is lightly wounded.
Natasha closely misses you.
You closely miss Natasha.
Natasha is lightly wounded.
Natasha claws you.
You closely miss Natasha. Your bite misses Natasha.
Natasha is lightly wounded.
Natasha claws you. Natasha closely misses you.
You hit Natasha.
Natasha is lightly wounded.
Natasha claws you!
You closely miss Natasha.
Natasha is lightly wounded.
Natasha claws you but does no damage. Natasha barely misses you.
You barely miss Natasha.
Natasha is lightly wounded.
Natasha howls an incantation.
Natasha's front paws start to glow.
Natasha casts a spell at you. You resist with some effort.
You closely miss Natasha.
Natasha is lightly wounded.
Natasha claws you. Natasha claws you!
* * * LOW HITPOINT WARNING * * *
You closely miss Natasha. Your bite misses Natasha.
Natasha is lightly wounded.
Natasha closely misses you.
It was a potion of brilliance.
You feel clever all of a sudden. Natasha claws you but does no damage.
It was a potion of haste.
You feel yourself speed up. Natasha casts a spell at you.
The magic dart hits you!
You die...

### ..# #.# #.#
.######.#######
.>.......@hr..#
######.#####.#
.####.......#
........###.# ..<.
.####...# #.# ###..#
#...###.#######. ....#
#...............
#...#........####.#######.
#...##.#####.# #.#


You could see Natasha and a quokka.

Vanquished Creatures
  3 adders (D:2)
  8 ball pythons
  6 bats
  An endoplasm (D:1)
  3 giant cockroaches
  3 hobgoblins
  4 jackals (D:1)
  A quokka (D:1)
  7 goblins
  A kobold (D:2)
  4 rats (D:1)
41 creatures vanquished.

Notes
Turn   | Place    | Note
-------+----------+-------------------------------------------
     0 | D:1      | Pimp the Gnoll Wanderer began the quest for the Orb.
     0 | D:1      | Pimp set off with the following items: a +0 spear, a wand
                  | of flame (16), a +0 cloak, a potion of berserk rage, a +0
                  | robe.
     0 | D:1      | Reached XP level 1. HP: 17/17 MP: 1/1
   151 | D:1      | Reached XP level 2. HP: 17/23 MP: 2/2
   696 | D:1      | Reached XP level 3. HP: 28/28 MP: 3/3
   997 | D:2      | Reached skill level 1 in Invocations
  1027 | D:2      | Reached skill level 1 in Short Blades
  1027 | D:2      | Reached skill level 1 in Long Blades
  1027 | D:2      | Reached skill level 1 in Axes
  1027 | D:2      | Reached skill level 1 in Maces & Flails
  1027 | D:2      | Reached skill level 1 in Staves
  1027 | D:2      | Reached skill level 1 in Ranged Weapons
  1027 | D:2      | Reached skill level 1 in Armour
  1027 | D:2      | Reached skill level 1 in Dodging
  1027 | D:2      | Reached skill level 1 in Shields
  1027 | D:2      | Reached skill level 1 in Unarmed Combat
  1027 | D:2      | Reached skill level 1 in Spellcasting
  1100 | D:2      | Reached XP level 4. HP: 34/34 MP: 5/5
  1791 | D:3      | Noticed Natasha
  1806 | D:3      | Killed from afar by Natasha

Illustrated notes

Levels and vault maps discovered:
D:1:      scummos_arrival_gate, layout_loops_ring
D:2:      layout_loops_ring, nrook_mini_backslash
D:3:      layout_loops_ring, grunt_temple_overflow_champion_of_chaos,
          mainiacjoe_overflow_surrounded_room, st_stairs_11, uniq_natasha

Skill      XL: |  1  2  3 |
---------------+----------+-----
Stealth        | 6 |  6.0
Invocations    | 1 |  1.2
Short Blades   | 1 |  1.1
Long Blades    | 1 |  1.1
Axes           | 1 |  1.1
Maces & Flails | 1 |  1.1
Staves         | 1 |  1.1
Ranged Weapons | 1 |  1.1
Armour         | 1 |  1.1
Dodging        | 1 |  1.1
Shields        | 1 |  1.1
Unarmed Combat | 1 |  1.1
Spellcasting   | 1 |  1.1
Fighting       | |  2.7
Polearms       | |  4.6
Throwing       | |  2.7
Conjurations   | |  0.9
Hexes          | |  0.9
Summonings     | |  0.9
Necromancy     | |  0.9
Translocations | |  0.9
Transmutations | |  0.9
Fire Magic     | |  0.9
Ice Magic      | |  0.9
Air Magic      | |  0.9
Earth Magic    | |  0.9
Poison Magic   | |  0.9
Evocations     | |  6.6

Action                     |  1- 3 |  4- 6 || total
---------------------------+-------+-------++-------
  Melee: War axe           |   104 |    45 ||   149
         Spear             |     6 |       ||     6
         Bite              |     7 |     6 ||    13
         Punch             |     1 |     1 ||     2
    Use: Potion            |     3 |     2 ||     5
         Scroll            |     2 |       ||     2
   Stab: Sleeping          |     2 |     4 ||     6
 Armour: Robe              |    70 |    20 ||    90
  Dodge: Dodged            |   114 |    35 ||   149

Table legend: (Time is in decaauts)
 A = Elapsed time spent in this place.
 B = Non-inter-level travel time spent in this place.
 C = Inter-level travel time spent in this place.
 D = Time resting spent in this place.
 E = Time spent auto-exploring this place.
 F = Levels seen in this place.
 G = Mean time per level.
                   A        B        C        D        E       F      G
               +--------+--------+--------+--------+--------+-----+--------+
         Total |   1877 |   1696 |    181 |     43 |   1151 |   3 |  625.7 |
       Dungeon |   1877 |   1696 |    181 |     43 |   1151 |   3 |  625.7 |
               +--------+--------+--------+--------+--------+-----+--------+

Top non-repeatable levels by time:
     D:1: 906 daAuts
     D:2: 903 daAuts
     D:3: 67 daAuts
